 Dungeon Crawl Stone Soup version 0.17.1-3-g152610e (webtiles) character file.

11295 inmateoo the Quickloader (level 11, -8/58 HPs)
             Began as a Vine Stalker Arcane Marksman on Apr 24, 2016.
             Was an Elder of Okawaru (penitent).
             Mangled by a merfolk
             ... wielding a +0 trident
             ... created by the fury of Okawaru
              (12 damage)
             ... on level 11 of the Dungeon.
             The game lasted 00:35:42 (11442 turns).

inmateoo the Quickloader (VSAM)                    Turns: 11442, Time: 00:35:42

Health: -8/58      AC: 13    Str: 13    XL:     11   Next: 75%
Magic:  0/21       EV:  9    Int: 13    God:    Okawaru [*]
Gold:   423        SH:  0    Dex: 18    Spells: 2 memorised, 20 levels left

rFire  . . .     SeeInvis .     K - +2 whip (elec)
rCold  + . .     Clarity  .     J - +0 chain mail {rC+}
rNeg   . . .     SustAt   .     (no shield)
rPois  +         Gourm    .     (no helmet)
rElec  .         Spirit   +     j - +1 cloak {rPois}
rCorr  +         Warding  .     (no gloves)
rMut   .         Stasis   .     t - +0 pair of boots
MR     +....                    y - amulet of resist corrosion
Stlth  ..........               r - ring of stealth
                                h - ring of wizardry

@: somewhat resistant to hostile enchantments, extremely unstealthy
A: fangs 3, regeneration 2, magic shield, antimagic bite, no device heal 3, rot
immunity
a: Renounce Religion


You were on level 11 of the Dungeon.
You worshipped Okawaru.
Okawaru was demanding penance.
You were not hungry.

You visited 2 branches of the dungeon, and saw 12 of its levels.
You also visited: Ossuary.

You collected 423 gold pieces.

Inventory:

Hand Weapons
 a - a +0 hand crossbow
 i - a +0 scimitar of flaming
 x - the +1 arbalest "Wikhlonn" {speed, +Inv rN+ Str+4}
   (You found it on level 9 of the Dungeon)

   Attacks with this weapon are significantly faster.
   It affects your strength (+4).
   It protects you from negative energy.
   It lets you turn invisible.
 K - a +2 whip of electrocution (weapon)
Missiles
 d - 70 bolts
 C - 11 bolts of flame
Armour
 j - a +1 cloak of poison resistance (worn)
 t - a +0 pair of boots (worn)
 J - a +0 chain mail of cold resistance (worn)
Jewellery
 h - a ring of wizardry (left hand)
 r - a ring of stealth (right hand)
 v - an uncursed ring of poison resistance
 w - an uncursed ring of ice
 y - an amulet of resist corrosion (around neck)
 D - an uncursed ring of teleportation
 H - an uncursed ring of invisibility
Scrolls
 f - 5 scrolls of fog
 l - 4 scrolls of enchant weapon
 p - a scroll of fear
 s - 4 scrolls of remove curse
 E - 2 scrolls of magic mapping
Potions
 b - 3 potions of ambrosia
 g - 8 potions of curing
 k - a potion of resistance
 q - a potion of magic {unknown}
 A - 5 potions of brilliance {unknown}
Books
 c - a book of Debilitation

   Spells                             Type                      Level
   a - Corona                         Hexes                        1
   b - Slow                           Hexes                        2
   c - Gell's Gravitas                Hexes/Translocation          3
   d - Inner Flame                    Hexes/Fire                   3
   e - Cause Fear                     Hexes                        4
   f - Leda's Liquefaction            Hexes/Earth                  4
 o - a book of Cantrips

   Spells                             Type                      Level
   a - Corona                         Hexes                        1
   b - Animate Skeleton               Necromancy                   1
   c - Summon Small Mammal            Summoning                    1
   d - Apportation                    Translocation                1
 B - a book of Party Tricks

   Spells                             Type                      Level
   a - Summon Butterflies             Summoning                    1
   b - Apportation                    Translocation                1
   c - Tukima's Dance                 Hexes                        3
   d - Alistair's Intoxication        Transmutation/Poison         4
   e - Invisibility                   Hexes                        6
Miscellaneous
 L - a plain deck of wonders {drawn: 2}
Comestibles
 u - 6 chunks of flesh
 F - 2 meat rations
 G - 6 bread rations


   Skills:
 + Level 7.6 Fighting
 * Level 10.5 Crossbows
 + Level 6.2 Armour
 + Level 5.6 Dodging
 + Level 6.5 Spellcasting
 - Level 3.0 Hexes


You had 20 spell levels left.
You knew the following spells:

 Your Spells              Type           Power        Failure   Level  Hunger
a - Corona                Hex            ##.....      63%         1    None
b - Slow                  Hex            ##......     80%         2    #......


Dungeon Overview and Level Annotations

Branches:
Dungeon (11/15)            Temple (0/1) D:4            Lair (1/8) D:11
    Orc (0/4) D:9

Altars:
Dithmenos
Gozag
Makhleb
Okawaru
Ru
Xom
Yredelemnul
The Shining One

Shops:
D:5 [

Annotations:
D:11 Urug
Lair:1 Maud


Innate Abilities, Weirdness & Mutations

You have razor-sharp teeth.
You heal very quickly.
When hurt, damage is shared between your health and your magic reserves.
Your bite disrupts and absorbs the magic of your enemies.
Potions and wands cannot restore your health.
You are immune to rotting.


Message History

Unknown command.
Your chain mail prevents you from hitting the centaur.
The centaur hits you. The cyclops hits you! Urug hits you with a great mace!
The centaur hits you but does no damage.
The merfolk javelineer throws a javelin.
The javelin hits you.
The javelin disappears in a puff of smoke!
The merfolk hits you from afar with a trident.
You hit the centaur but do no damage.
There is a sudden explosion of sparks!
You bite the centaur! You drain its power.
You feel invigorated.
The centaur is heavily wounded.
The merfolk hits you from afar with a trident.
The centaur misses you. The cyclops hits you. Urug hits you with a great mace!!
* * * LOW HITPOINT WARNING * * *
The merfolk javelineer throws a javelin.
The javelin hits you!
* * * LOW HITPOINT WARNING * * *
The javelin disappears in a puff of smoke!
The merfolk hits you from afar with a trident!
You die...

...# #...#
...# #...#
..# ...#
#...# #..#
...# #...#
#..# ...#
#...# #..#
...# #...#
#..# ..(#
#...# #..#
#..# ...#
#...#####c.#
#..# ..o#
#....†Wo@Cm#
#..# ...#
#..######mc#
#..# ...#
#..# #cm#
#..#
..W######..#
#m.###..#
....o......#
#.......#
...........#
#......<#
...######..#
#.####..#
...# #..#
#.# #>.#
...# #..#
#.# #....


You could see a merfolk javelineer, Urug, 3 merfolk, a centaur warrior, a
cyclops, a hungry ghost and 2 centaurs.

Vanquished Creatures
  Erica (D:8)
  A centaur warrior (D:9)
  2 unseen horrors
  Pikel (D:8)
  A gargoyle (D:9)
  A troll (D:9)
  A two-headed ogre (D:10)
  Prince Ribbit (D:7)
  A trapdoor spider (D:11)
  A spriggan (D:7)
  A deep elf mage (D:10)
  A yak (D:10)
  3 hippogriffs
  2 hungry ghosts
  6 wolves (Lair:1)
  2 ogres
  A black bear (D:7)
  4 orc warriors
  3 ice beasts
  A slave (D:8)
  3 phantoms
  A big kobold (D:8)
  6 centaurs
  A crocodile (Lair:1)
  4 elf zombies (Ossuary)
  A brain worm (D:11)
  5 giant frogs
  2 wyvern skeletons
  5 scorpions
  12 killer bees (D:10)
  5 crimson imps
  4 centaur zombies (Ossuary)
  4 human zombies (Ossuary)
  2 hounds
  4 jellies
  A giant frog skeleton (D:7)
  7 orc priests
  Ijyb (D:3)
  5 orc wizards
  2 centaur skeletons
  4 iguanas
  4 worker ants
  A killer bee zombie (D:7)
  A hound skeleton (D:3)
  3 mummies (Ossuary)
  2 worker ant zombies (D:8)
  11 adders
  6 gnolls
  6 shadow imps
  4 oozes
  4 worms
  An adder skeleton (D:7)
  6 giant geckos
  29 orcs
  7 giant cockroaches
  15 goblins
  5 hobgoblins
  18 jackals
  8 kobolds
  7 quokkas
  14 bats
  A giant gecko skeleton (D:5)
  2 giant newts
  A jackal skeleton (D:5)
  A quokka skeleton (D:9)
  A quokka zombie (D:5)
  5 rats
  A rat zombie (D:5)
278 creatures vanquished.

Vanquished Creatures (collateral kills)
  An unseen horror (D:9)
  A trapdoor spider (D:9)
  A big kobold (D:9)
  An orc priest (D:9)
  An orc (D:6)
5 creatures vanquished.

Vanquished Creatures (others)
  An orc warrior (D:6)
  A giant frog skeleton (D:9)
  An orc (D:10)
  A fungus (Lair:1)
4 creatures vanquished.

Grand Total: 287 creatures vanquished

Notes
Turn   | Place    | Note
--------------------------------------------------------------
     0 | D:1      | inmateoo the Vine Stalker Arcane Marksman began the quest for the Orb.
     0 | D:1      | Reached XP level 1. HP: 9/9 MP: 3/3
    10 | D:1      | Reached skill level 1 in Fighting
   253 | D:1      | Reached XP level 2. HP: 14/14 MP: 4/4
   833 | D:1      | Reached XP level 3. HP: 15/18 MP: 2/5
  1253 | D:2      | Learned a level 2 spell: Slow
  1273 | D:2      | Reached XP level 4. HP: 23/23 MP: 6/6
  2265 | D:3      | Reached XP level 5. HP: 27/27 MP: 7/7
  2377 | D:3      | Noticed Ijyb
  2433 | D:3      | Killed Ijyb
  2681 | D:4      | Reached skill level 1 in Armour
  2756 | D:4      | Gained mutation: You heal very quickly. [Vine Stalker growth]
  2756 | D:4      | Reached XP level 6. HP: 19/32 MP: 6/8
  2959 | D:4      | Noticed a phantom
  3088 | D:4      | Killed a phantom
  3088 | D:4      | Reached skill level 4 in Crossbows
  3257 | D:4      | Found a staircase to the Ecumenical Temple.
  3590 | D:5      | Entered Level 5 of the Dungeon
  3633 | D:5      | Found a sand-covered staircase.
  3649 | Ossuary  | Entered an ossuary
  3746 | Ossuary  | Reached XP level 7. HP: 23/36 MP: 9/9
  3816 | Ossuary  | Reached skill level 5 in Crossbows
  3991 | Ossuary  | Gained mutation: You have razor-sharp teeth. [Vine Stalker growth]
  3991 | Ossuary  | Reached XP level 8. HP: 35/42 MP: 10/10
  4093 | D:5      | Reached skill level 6 in Crossbows
  4154 | D:5      | Found Ygezxer's Armour Shoppe.
  4839 | D:6      | You fall through a shaft for 2 floors!
  4859 | D:8      | Reached skill level 5 in Fighting
  4985 | D:6      | Reached skill level 7 in Crossbows
  5039 | D:6      | Reached XP level 9. HP: 34/47 MP: 8/13
  5243 | D:6      | Found a burning altar of Makhleb.
  5421 | D:6      | Noticed a troll
  6221 | D:7      | Found an iron altar of Okawaru.
  6361 | D:7      | Found a shadowy altar of Dithmenos.
  6412 | D:7      | Found a shimmering altar of Xom.
  6598 | D:7      | Reached skill level 8 in Crossbows
  6670 | D:7      | Noticed Prince Ribbit
  6732 | D:7      | Killed Prince Ribbit
  6808 | D:7      | Became a worshipper of Warmaster Okawaru
  7080 | D:7      | Reached XP level 10. HP: 41/53 MP: 14/16
  7438 | D:8      | Reached * piety under Okawaru
  7556 | D:8      | Noticed Pikel
  7599 | D:8      | Killed Pikel
  7712 | D:8      | Found a sacrificial altar of Ru.
  7715 | D:8      | Found a basalt altar of Yredelemnul.
  7718 | D:8      | Found a glowing golden altar of the Shining One.
  7926 | D:8      | Noticed Erica
  7947 | D:8      | Killed Erica
  7947 | D:8      | Reached ** piety under Okawaru
  7947 | D:8      | Reached skill level 9 in Crossbows
  7947 | D:8      | Reached skill level 5 in Armour
  8240 | D:9      | Found a staircase to the Orcish Mines.
  8251 | D:9      | Found an opulent altar of Gozag.
  8699 | D:9      | Reached skill level 5 in Spellcasting
  8699 | D:9      | Reached *** piety under Okawaru
  8713 | D:9      | Killed an unseen horror
  8919 | D:9      | Got a scorched arbalest
  8920 | D:9      | Identified the +1 arbalest "Wikhlonn" {speed, +Inv rN+ Str+4} (You found it on level 9 of the Dungeon)
  8940 | D:9      | Noticed a centaur warrior
  8954 | D:9      | Killed a centaur warrior
  8954 | D:9      | Reached skill level 5 in Dodging
  8955 | D:9      | Reached XP level 11. HP: 13/58 MP: 3/20
  9271 | D:9      | Killed an unseen horror
  9271 | D:9      | Reached **** piety under Okawaru
  9865 | D:10     | Entered Level 10 of the Dungeon
 10027 | D:10     | Reached skill level 10 in Crossbows
 10682 | D:10     | Noticed a hill giant
 10812 | D:11     | Found a staircase to the Lair.
 10991 | D:11     | Killed an unseen horror
 11060 | D:11     | Noticed Maud
 11076 | D:11     | Was placed under penance by Okawaru
 11104 | Lair:1   | Entered Level 1 of the Lair of Beasts
 11400 | D:11     | Noticed Urug
 11439 | D:11     | Noticed a centaur warrior
 11439 | D:11     | Noticed a merfolk javelineer
 11442 | D:11     | Mangled by a merfolk

Action                   |  1- 3 |  4- 6 |  7- 9 | 10-12 || total
-------------------------+-------+-------+-------+-------++-------
Melee: Mace              |       |   178 |       |       ||   178
       Flail             |       |   112 |   450 |    86 ||   648
       Hand axe          |       |       |     2 |       ||     2
       Whip              |       |       |       |   391 ||   391
       Scimitar          |       |       |       |     7 ||     7
       Arbalest          |       |       |       |     1 ||     1
 Fire: Hand crossbow     |   125 |    44 |    24 |       ||   193
       Arbalest          |       |       |       |    32 ||    32
 Cast: Corona            |       |     1 |     2 |     4 ||     7
       Slow              |       |       |     7 |     4 ||    11
Invok: Heroism           |       |       |       |     4 ||     4
Evoke: Wand              |       |       |     5 |    13 ||    18
       Deck              |       |       |       |     9 ||     9
  Use: Scroll            |     2 |    12 |     3 |     2 ||    19
       Potion            |       |     1 |       |    12 ||    13
 Stab: Distracted        |       |     1 |       |       ||     1
       Sleeping          |       |     1 |     2 |       ||     3
       Invisible         |       |       |       |     8 ||     8
  Eat: Chunk             |     1 |     8 |    11 |     4 ||    24
       Bread ration      |       |       |     3 |       ||     3
       Meat ration       |       |       |       |     2 ||     2
       Pizza             |       |       |       |     1 ||     1
       Beef jerky        |       |       |       |     1 ||     1
